 Dungeon Crawl Stone Soup version 0.28-a0-1412-gf95308ed99 (webtiles) character file.

Game seed: 5136184392191187033

16 tilp the Chiller (level 2, 0/11 HPs)
             Began as a Felid Ice Elementalist on Jan 6, 2022.
             Slain by an adder (2 damage)
             ... on level 2 of the Dungeon.
             The game lasted 00:00:49 (770 turns).

tilp the Chiller (Felid Ice Elementalist)            Turns: 770, Time: 00:00:50

Health: 0/11       AC:  1    Str:  4    XL:     2   Next: 37%
Magic:  3/6        EV: 17    Int: 16    God:
Gold:   68         SH:  0    Dex: 16    Spells: 4/5 levels left
                                        Lives:  0   Deaths: 0

rFire   . . .      SeeInvis +   (weapon unavailable)
rCold   . . .      Faith    .   (shield unavailable)
rNeg    . . .      Spirit   .   (armour unavailable)
rPois   .          Reflect  .   (helmet unavailable)
rElec   .          Harm     .   (cloak unavailable)
rCorr   .          Rampage  .   (gloves unavailable)
Will    .....                   (boots unavailable)
Stlth   ++........              (no amulet)
HPRegen 0.03/turn               (no ring)
MPRegen 0.10/turn               (no ring)

@: lethally poisoned (0 -> -8), quick
A: very small, claws 1, fangs 3, see invisible, speed 1, shaggy fur 1, stealthy
paws, no weapons or thrown items, no armour, multi-lived
a: no special abilities


You were on level 2 of the Dungeon.
You visited 1 branch of the dungeon, and saw 2 of its levels.

You collected 68 gold pieces.

Inventory:

Scrolls
 a - 2 scrolls of identify
Potions
 b - a potion of haste
 e - 2 potions of magic


   Skills:
 - Level 2.6 Dodging
 - Level 2.6 Stealth
 + Level 2.3 Spellcasting
 * Level 4.0 Ice Magic


You had 4 spell levels left.
You knew the following spells:

 Your Spells              Type           Power      Damage    Failure   Level
a - Freeze                Ice            56%        1d7       3%          1

Your spell library contained the following spells:

 Spells                   Type           Power      Damage    Failure   Level
 Frozen Ramparts          Ice            28%        1d4       12%         3
 Ozocubu's Armour         Ice            14%        N/A       12%         3
 Animate Skeleton         Necr           2%         N/A       21%         1
 Pain                     Necr           4%         1d4       21%         1
 Vampiric Draining        Necr           1%         2d6       52%         3
 Hailstorm                Conj/Ice       8%         3d4       65%         4


Dungeon Overview and Level Annotations

Branches:
Dungeon (2/15)

Altars:


Innate Abilities, Weirdness & Mutations

You have sharp claws.
You have razor-sharp teeth.
You have supernaturally acute eyesight. (SInv)
You cover ground quickly. (Speed+)
You are covered in fur. (AC +1)
Your paws help you pounce on unaware monsters.
You are incapable of wielding weapons or throwing items.
You cannot wear armour.
You gain extra lives every three experience levels.


Message History

There is an escape hatch in the floor here.
Found 16 arrows.
You now have 68 gold pieces (gained 11).
An adder comes into view.
The adder closely misses you.
You barely miss the adder. The adder completely misses you.
The adder bites you.
You are poisoned.
The adder poisons you!
Casting: Freeze (safe; 3% risk of failure)
Confirm with . or Enter, or press ? or * to list all spells.
Aiming: Freeze (safe; 3% risk of failure)
Press: ? - help, Shift-Dir - straight line, f - adder
Aim: an adder You freeze the adder.
The adder is moderately wounded.
You feel sick. The adder misses you.
Casting: Freeze (safe; 3% risk of failure)
Confirm with . or Enter, or press ? or * to list all spells.
Aiming: Freeze (safe; 3% risk of failure)
Press: ? - help, Shift-Dir - straight line, f/p - adder
Aim: an adder (moderately wounded)
You freeze the adder.
The adder is almost dead.
You feel sick. The adder bites you.
* * * LOW HITPOINT WARNING * * *
You are lethally poisoned!
The adder poisons you!
Unknown command.
Casting: Freeze (safe; 3% risk of failure)
Confirm with . or Enter, or press ? or * to list all spells.
Aiming: Freeze (safe; 3% risk of failure)
Press: ? - help, Shift-Dir - straight line, f/p - adder
Aim: an adder (almost dead)
You freeze the adder.
The adder is almost dead.
The adder seems to slow down.
* * * LOW HITPOINT WARNING * * *
You feel sick.
The adder is no longer moving slowly.
The adder bites you.
You die...

###########
......S@..#
.########.## #
#####...##### ###
#............#######..
#...##...###..>.......
(.....#.####..†......#
......................
........<......<..##.#
...##...###.#....####


You could see an adder.

Vanquished Creatures
  An endoplasm (D:1)
  2 goblins (D:1)
  3 hobgoblins (D:1)
  2 kobolds
  2 ball pythons
  A bat (D:2)
  2 frilled lizards (D:1)
  2 rats (D:1)
15 creatures vanquished.

Notes
Turn   | Place    | Note
-------+----------+-------------------------------------------
     0 | D:1      | tilp the Felid Ice Elementalist began the quest for the
                  | Orb.
     0 | D:1      | Reached XP level 1. HP: 7/7 MP: 4/4
   201 | D:1      | Reached XP level 2. HP: 11/11 MP: 4/6
   253 | D:1      | Reached skill level 4 in Ice Magic
   334 | D:1      | Found a faded altar of an unknown god.
   770 | D:2      | Slain by an adder

Illustrated notes

Levels and vault maps discovered:
D:1:      eino_arrival_cavern_b, layout_basic,
          hellmonk_ecumenical_altar_arch_garden
D:2:      layout_loops_ring, minmay_pentomino_o2

Skill      XL: |  1  2 |
---------------+-------+-----
Ice Magic      | 4 |  4.0
Dodging        | |  2.6
Stealth        | |  2.6
Spellcasting   | |  2.3

Action                   || total
-------------------------++-------
Melee: Unarmed           ||     9
 Cast: Freeze            ||    16
  Use: Scroll            ||     4
 Stab: Sleeping          ||     4
Armor: Skin              ||     1
Dodge: Dodged            ||    17

Table legend: (Time is in decaauts)
 A = Elapsed time spent in this place.
 B = Non-inter-level travel time spent in this place.
 C = Inter-level travel time spent in this place.
 D = Time resting spent in this place.
 E = Time spent auto-exploring this place.
 F = Levels seen in this place.
 G = Mean time per level.
                   A        B        C        D        E       F      G
               +--------+--------+--------+--------+--------+-----+--------+
         Total |    667 |    596 |     71 |      0 |    495 |   2 |  333.5 |
       Dungeon |    667 |    596 |     71 |      0 |    495 |   2 |  333.5 |
               +--------+--------+--------+--------+--------+-----+--------+

Top non-repeatable levels by time:
     D:1: 613 daAuts
     D:2: 54 daAuts
